 Dungeon Crawl Stone Soup version 0.22.1-2-g9c5b331383 (webtiles) character file.

169 Peloso the Skirmisher (level 5, -2/47 HPs)
             Began as a Minotaur Fighter on Dec 8, 2018.
             Killed by divine providence
             ... invoked by an orc priest
              (12 damage)
             ... on level 3 of the Dungeon.
             The game lasted 00:03:24 (1628 turns).

Peloso the Skirmisher (Minotaur Fighter)            Turns: 1628, Time: 00:03:25

Health: -2/47      AC:  9    Str: 21    XL:     5   Next: 25%
Magic:  4/4        EV:  6    Int:  8    God:
Gold:   69         SH:  9    Dex: 10    Spells: 4/4 levels left

rFire    . . .     SeeInvis .   a - +0 long sword
rCold    . . .     Gourm    .   c - +0 shield
rNeg     . . .     Faith    .   e - +0 chain mail
rPois    .         Spirit   .   (helmet restricted)
rElec    .         Reflect  .   (no cloak)
rCorr    .         Harm     .   (no gloves)
MR       .....                  (no boots)
Stlth    ..........             (no amulet)
HPRegen  0.15/turn              n - +3 ring of intelligence
MPRegen  0.09/turn              (no ring)

@: no status effects
A: retaliatory headbutt, horns 2
a: no special abilities


You were on level 3 of the Dungeon.
You were not hungry.

You visited 1 branch of the dungeon, and saw 3 of its levels.

You collected 69 gold pieces.

Inventory:

Hand Weapons
 a - a +0 long sword (weapon)
Armour
 b - a +0 scale mail
 c - a +0 shield (worn)
 e - a +0 chain mail (worn)
Jewellery
 n - a +3 ring of intelligence (left hand)
Wands
 i - a wand of flame (22)
Scrolls
 g - a scroll of teleportation
 m - a scroll of remove curse
Potions
 d - a potion of might
 h - 2 potions of flight
 j - 4 potions of heal wounds {unknown}
 k - a potion of brilliance {unknown}
 l - a potion of mutation {unknown}
Comestibles
 f - 4 rations


   Skills:
 + Level 4.6 Fighting
 + Level 4.4 Long Blades
 + Level 4.5 Armour
 + Level 0.7 Dodging
 + Level 4.5 Shields


You had 4 spell levels left.
You didn't know any spells.
Your spell library was empty.

Dungeon Overview and Level Annotations

Branches:
Dungeon (3/15)

Altars:


Innate Abilities, Weirdness & Mutations

You reflexively headbutt those who attack you in melee.
You have a pair of horns on your head.


Message History

The orc shouts! x2
You hit the orc but do no damage. You headbutt the orc!
You kill the orc!
The orc priest begins to cast a cantrip, but forgets the words!
Things that are here:
a flail; a chain mail; an orc corpse You barely miss the orc priest.
The orc priest calls down the wrath of Beogh upon you.
Beogh smites you!
* * * LOW HITPOINT WARNING * * *
You hit the orc priest but do no damage.
Your headbutt misses the orc priest. The orc priest barely misses you.
You closely miss the orc priest.
You headbutt the orc priest, but do no damage.
The orc priest hits you but does no damage.
You closely miss the orc priest.
The orc priest hits you but does no damage.
The orc priest mumbles some strange prayers to Beogh against you.
Beogh smites you!
You die...

#######
......# ###
#.....#
...#.....
#.#...o
#.#.oo
#.#######
#....@o.#
#######.#
#.# #.#
##o# # #..#
..## ##.##
#... #..#
##...##)###


You could see an orc priest and an orc.

Vanquished Creatures
  An orc priest (D:3)
  Jessica (D:2)
  4 adders (D:2)
  An ooze (D:1)
  A worm (D:2)
  3 dart slugs
  4 leopard geckos
  2 orcs (D:3)
  7 bats
  2 giant cockroaches
  6 goblins
  8 hobgoblins
  2 jackals (D:2)
  A ball python (D:2)
  2 frilled lizards
  8 kobolds
  6 rats
  A bush (D:2)
60 creatures vanquished.

Notes
Turn   | Place    | Note
-------+----------+-------------------------------------------
     0 | D:1      | Peloso the Minotaur Fighter began the quest for the Orb.
     0 | D:1      | Reached XP level 1. HP: 19/19 MP: 0/0
   115 | D:1      | Reached XP level 2. HP: 17/27 MP: 1/1
   409 | D:1      | Reached XP level 3. HP: 33/33 MP: 2/2
   827 | D:2      | Reached XP level 4. HP: 39/40 MP: 3/3
   908 | D:2      | Noticed Jessica
   928 | D:2      | Killed Jessica
  1608 | D:3      | Reached XP level 5. HP: 31/47 MP: 4/4
  1628 | D:3      | Killed from afar by an orc priest

Skill      XL: |  1  2  3  4 |
---------------+-------------+-----
Shields        | 4 |  4.5
Fighting       | 4 |  4.6
Armour         | 4 |  4.5
Long Blades    | 3 4 |  4.4
Dodging        | |  0.7

Action                   |  1- 3 |  4- 6 || total
-------------------------+-------+-------++-------
Melee: Long sword        |    60 |   150 ||   210
       Headbutt          |     9 |    45 ||    54
  Use: Scroll            |     4 |       ||     4
       Potion            |     2 |       ||     2
  Eat: Chunk             |       |     3 ||     3
Armor: Scale mail        |    21 |       ||    21
       Chain mail        |    18 |    55 ||    73
Dodge: Dodged            |    23 |    22 ||    45
Block: Shield            |    29 |    43 ||    72
       Rpst.: Long sword |     6 |     3 ||     9
